 Dungeon Crawl Stone Soup version 0.19.5 (webtiles) character file.

18 SerythNizel the Grave Robber (level 2, 0/19 HPs)
             Began as a Mummy Necromancer on Mar 16, 2017.
             Slain by a jackal (2 damage)
             ... on level 1 of the Dungeon.
             The game lasted 00:09:46 (673 turns).

SerythNizel the Grave Robber (Mummy Necromancer)     Turns: 673, Time: 00:09:47

Health: 0/19       AC:  2    Str: 11    XL:     2   Next: 51%
Magic:  5/5        EV: 12    Int: 14    God:
Gold:   12         SH:  0    Dex: 12    Spells: 2 memorised, 3 levels left

rFire  x . .     SeeInvis .     (no weapon)
rCold  + . .     Gourm    .     d - +0 robe
rNeg   + + +     Faith    .     (no shield)
rPois  ∞         Spirit   .     (no helmet)
rElec  .         Reflect  .     (no cloak)
rCorr  .         Harm     .     (no gloves)
MR     .....                    (no boots)
Stlth  ++........               (no amulet)
                                (no ring)
                                (no ring)

@: no status effects
A: no food or potions, fire vulnerability, cold resistance 1, negative energy
resistance 3, torment resistance, unbreathing
a: no special abilities


You were on level 1 of the Dungeon.
You were not hungry.

You visited 1 branch of the dungeon, and saw 1 of its levels.

You collected 12 gold pieces.

Inventory:

Armour
 a - a +0 robe
 d - a +0 robe (worn)
Scrolls
 c - a scroll of fear
 e - a scroll of recharging {unknown}
Books
 b - a book of Necromancy

   Spells                             Type                      Level
   a - Pain                           Necromancy                   1
   b - Animate Skeleton               Necromancy                   1
   c - Vampiric Draining              Necromancy                   3
   d - Regeneration                   Charms/Necromancy            3
   e - Animate Dead                   Necromancy                   4
   f - Control Undead                 Necromancy                   4


   Skills:
 + Level 1.7 Dodging
 - Level 1.6 Stealth
 + Level 2.1 Spellcasting
 + Level 4.4 Necromancy


You had 3 spell levels left.
You knew the following spells:

 Your Spells              Type           Power        Failure   Level  Hunger
a - Pain                  Necr           ##..         3%          1    N/A
b - Animate Skeleton      Necr           N/A          3%          1    N/A

Dungeon Overview and Level Annotations

Branches:
Dungeon (1/15)

Altars:


Innate Abilities, Weirdness & Mutations

You do not eat or drink.
Your flesh is vulnerable to fire.
You are immune to poison.
Your flesh is cold resistant. (rC+)
You are immune to negative energy. (rN+++)
You are immune to unholy pain and torment.
You can survive without breathing.


Message History

The jackal closely misses you. The jackal bites you.
* * * LOW HITPOINT WARNING * * *
The jackal closely misses you. The jackal barely misses you.
You completely miss the jackal.
The jackal bites you but does no damage.
The jackal closely misses you. x2; The kobold throws a stone.
The stone hits you but does no damage. The jackal barely misses you.
You hit the jackal.
The jackal is heavily wounded.
The jackal closely misses you. The jackal bites you.
* * * LOW HITPOINT WARNING * * *
The jackal barely misses you.
The kobold throws a stone.
The stone closely misses you.
The jackal bites you but does no damage.
The jackal completely misses you.
You hit the jackal but do no damage.
The jackal is moderately wounded.
The jackal bites you but does no damage.
The jackal bites you.
You die...

...>### .....# ......
.##########....# ......
.........##%...# .....#
########!......# .....##
#####.....## ......##
#..........##
....)..#######....(......#
...†)............(%...##.#
...............h@..%..#
..#
................hh....# .#
...................#### #
....†...................
...............###.##...
.........).K..#...... ##
.#................####
.#...#.#......##.##
..............# .#


You could see 3 jackals and a kobold.

Vanquished Creatures
  2 bats (D:1)
  A giant cockroach (D:1)
  4 goblins (D:1)
  2 hobgoblins (D:1)
  A jackal (D:1)
  A kobold (D:1)
11 creatures vanquished.

Vanquished Creatures (collateral kills)
  A bat (D:1)
  A giant cockroach (D:1)
  A hobgoblin (D:1)
  A kobold (D:1)
  A rat (D:1)
5 creatures vanquished.

Grand Total: 16 creatures vanquished

Notes
Turn   | Place    | Note
-------+----------+-------------------------------------------
     0 | D:1      | SerythNizel the Mummy Necromancer began the quest for the Orb.
     0 | D:1      | Reached XP level 1. HP: 13/13 MP: 3/3
    11 | D:1      | Learned a level 1 spell: Animate Skeleton
   206 | D:1      | Reached XP level 2. HP: 19/19 MP: 1/5
   673 | D:1      | Slain by a jackal

Action                   || total
-------------------------++-------
Melee: Unarmed           ||    53
 Cast: Pain              ||    17
       Animate Skeleton  ||     4
  Use: Scroll            ||     2
Armor: Robe              ||    46
Dodge: Dodged            ||   109
